3R
CROWLEY CAJUNS @ QUEBEC ROOKIES
08/18/2033
 
TOP OF THE 1ST
Crowley Cajuns batting - Pitching for Quebec Rookies : RHP Pancho Medellín
Pitching: RHP Pancho Medellín
Batting: LHB Hai-liang Yi 0-0: Bunted foul
0-1: Ball
1-1: Fly out, F8 (Flyball, 8RM)
Batting: RHB Stephen Warren 0-0: Ball
1-0: Ball
2-0: SINGLE (Line Drive, 56D)
Batting: RHB Albert Seals 0-0: Called Strike
0-1: Ball
1-1: Ball
2-1: Foul Ball, location: 2F
2-2: Ground out 3-1 (Groundball, 34)
Stephen Warren to second
Batting: RHB Pancho Espinoza 0-0: Ball
Balk!
Stephen Warren to third
1-0: Swinging Strike
1-1: Swinging Strike
1-2: Strikes out swinging
Top of the 1st over - 0 runs, 1 hit, 0 errors, 1 left on base; Crowley 0 - Quebec 0
BOTTOM OF THE 1ST
Quebec Rookies batting - Pitching for Crowley Cajuns : RHP David Silva
Pitching: RHP David Silva
Batting: LHB Scott Miles 0-0: Ball
1-0: Called Strike
1-1: Ball
2-1: Ball
3-1: Called Strike
3-2: Ground out 6-3 (Groundball, 6M)
Batting: LHB Keith Pick 0-0: Foul Ball, location: 2F
0-1: Ball
1-1: Swinging Strike
1-2: Ball
2-2: Ball
3-2: Foul Ball, location: 2F
3-2: Fly out, F8 (Flyball, 8RD)
Batting: LHB Palaie Gaoteote 0-0: Ball
1-0: Foul Ball, location: 2F
1-1: Ball
2-1: Swinging Strike
2-2: Ball
3-2: Strikes out swinging
Bottom of the 1st over - 0 runs, 0 hits, 0 errors, 0 left on base; Crowley 0 - Quebec 0
TOP OF THE 2ND
Crowley Cajuns batting - Pitching for Quebec Rookies : RHP Pancho Medellín
Batting: RHB Dane Bernstine 0-0: Called Strike
0-1: Ball
1-1: Foul Ball, location: 2F
1-2: SINGLE (Groundball, 56D)
Batting: LHB José Soriano 0-0: Called Strike
0-1: Swinging Strike
0-2: Strikes out swinging
Batting: RHB Luis Medina 0-0: Called Strike
0-1: Ball
1-1: Called Strike
1-2: Strikes out looking
Batting: RHB Porter Ware 0-0: Called Strike
0-1: Foul Ball, location: 2F
0-2: Fly out, F8 (Flyball, 8RD)
Top of the 2nd over - 0 runs, 1 hit, 0 errors, 1 left on base; Crowley 0 - Quebec 0
BOTTOM OF THE 2ND
Quebec Rookies batting - Pitching for Crowley Cajuns : RHP David Silva
Batting: RHB Jon Deal 0-0: Ball
1-0: Called Strike
1-1: Swinging Strike
1-2: Strikes out swinging
Batting: RHB Sal Elliott 0-0: Ball
1-0: Foul Ball, location: 2F
1-1: Ground out 4-3 (Groundball, 4)
Batting: RHB Alejandro Córdova 0-0: Foul Ball, location: 2F
0-1: Ball
1-1: Swinging Strike
1-2: Ball
2-2: Ball
3-2: Foul Ball, location: 2F
3-2: Foul Ball, location: 2F
3-2: Foul Ball, location: 2F
3-2: SINGLE (Flyball, 8RS)
Batting: RHB Justin Hunt 0-0: Ball
1-0: Ball
2-0: Called Strike
2-1: Foul Ball, location: 2F
2-2: Ball
Alejandro Córdova steals 2nd base
3-2: Foul Ball, location: 2F
3-2: Foul Ball, location: 2F
3-2: Foul Ball, location: 2F
3-2: Base on Balls
Batting: RHB Christian Patriarche 0-0: SINGLE (Groundball, 56D)
Alejandro Córdova to third
Justin Hunt to second
Runner from 3rd tries for Home, SAFE, no throw
Batting: RHB Punisa Tukovic 0-0: DOUBLE (Line Drive, 7LM)
Justin Hunt scores
Christian Patriarche to third
Batting: LHB Scott Miles 0-0: Called Strike
0-1: Called Strike
0-2: Foul Ball, location: 2F
0-2: Ball
1-2: Ball
2-2: Ball
3-2: Base on Balls
Batting: LHB Keith Pick 0-0: Fly out, F9 (Flyball, 9LMF)
Bottom of the 2nd over - 2 runs, 3 hits, 0 errors, 3 left on base; Crowley 0 - Quebec 2
TOP OF THE 3RD
Crowley Cajuns batting - Pitching for Quebec Rookies : RHP Pancho Medellín
Batting: RHB James Strickland 0-0: Called Strike
0-1: SINGLE (Groundball, 34) (infield hit)
Batting: LHB Hai-liang Yi 0-0: Ball
1-0: Fly out, F9 (Flyball, 9)
Batting: RHB Stephen Warren 0-0: Ball
1-0: Called Strike
James Strickland is caught stealing 2nd base
1-1: Swinging Strike
1-2: TRIPLE (Line Drive, 89XD)
Batting: RHB Albert Seals 0-0: Ball
1-0: Ground out 3-1 (Groundball, 34)
Top of the 3rd over - 0 runs, 2 hits, 0 errors, 1 left on base; Crowley 0 - Quebec 2
BOTTOM OF THE 3RD
Quebec Rookies batting - Pitching for Crowley Cajuns : RHP David Silva
Batting: LHB Palaie Gaoteote 0-0: Ball
1-0: Foul Ball, location: 2F
1-1: Foul Ball, location: 2F
1-2: Foul Ball, location: 2F
1-2: SINGLE (Flyball, 89S)
Batting: RHB Jon Deal 0-0: Called Strike
0-1: Ball
1-1: Foul Ball, location: 2F
1-2: Fly out, F8 (Flyball, 8RM)
Batting: RHB Sal Elliott 0-0: Ball
Wild Pitch!
Palaie Gaoteote to second
1-0: Foul Ball, location: 2F
1-1: Ball
2-1: Foul Ball, location: 2F
Balk!
Palaie Gaoteote to third
2-2: Strikes out swinging
Batting: RHB Alejandro Córdova 0-0: Called Strike
0-1: Swinging Strike
0-2: Ball
1-2: Strikes out looking
Bottom of the 3rd over - 0 runs, 1 hit, 0 errors, 1 left on base; Crowley 0 - Quebec 2
TOP OF THE 4TH
Crowley Cajuns batting - Pitching for Quebec Rookies : RHP Pancho Medellín
Batting: RHB Pancho Espinoza 0-0: Foul Ball, location: 2F
0-1: Ball
1-1: Called Strike
1-2: Ball
2-2: Strikes out swinging
Batting: RHB Dane Bernstine 0-0: Called Strike
0-1: Foul Ball, location: 2F
0-2: Ball
1-2: Foul Ball, location: 2F
1-2: Ground out U3 (Groundball, 3L)
Batting: LHB José Soriano 0-0: Called Strike
0-1: Foul Ball, location: 2F
0-2: Strikes out swinging
Top of the 4th over - 0 runs, 0 hits, 0 errors, 0 left on base; Crowley 0 - Quebec 2
BOTTOM OF THE 4TH
Quebec Rookies batting - Pitching for Crowley Cajuns : RHP David Silva
Batting: RHB Justin Hunt 0-0: Ball
1-0: Ground out 5-3 (Groundball, 56S)
Batting: RHB Christian Patriarche 0-0: Fly out, F8 (Flyball, 8RXD)
Batting: RHB Punisa Tukovic 0-0: Hit by Pitch
Batting: LHB Scott Miles 0-0: Called Strike
0-1: Ball
1-1: Ball
2-1: Foul Ball, location: 2F
2-2: Ball
3-2: Foul Ball, location: 2F
3-2: Foul Ball, location: 2F
3-2: Fly out, F8 (Flyball, 78D)
Bottom of the 4th over - 0 runs, 0 hits, 0 errors, 1 left on base; Crowley 0 - Quebec 2
TOP OF THE 5TH
Crowley Cajuns batting - Pitching for Quebec Rookies : RHP Pancho Medellín
Batting: RHB Luis Medina 0-0: Foul Ball, location: 2F
0-1: Called Strike
0-2: Ball
1-2: Strikes out looking
Batting: RHB Porter Ware 0-0: Called Strike
0-1: Ball
1-1: Ground out 4-3 (Groundball, 4S)
Batting: RHB James Strickland 0-0: Called Strike
0-1: Ground out 5-3 (Groundball, 56S)
Top of the 5th over - 0 runs, 0 hits, 0 errors, 0 left on base; Crowley 0 - Quebec 2
BOTTOM OF THE 5TH
Quebec Rookies batting - Pitching for Crowley Cajuns : RHP David Silva
Batting: LHB Keith Pick 0-0: Ball
1-0: Foul Ball, location: 2F
1-1: Foul Ball, location: 2F
1-2: Foul Ball, location: 2F
1-2: Ground out 4-3 (Groundball, 4)
Batting: LHB Palaie Gaoteote 0-0: Ball
1-0: Ball
2-0: Called Strike
2-1: Ball
3-1: Foul Ball, location: 2F
3-2: Foul Ball, location: 2F
3-2: Base on Balls
Batting: RHB Jon Deal 0-0: Ball
1-0: Called Strike
1-1: Called Strike
1-2: Ball
2-2: Ball
3-2: Foul Ball, location: 2F
3-2: Grounds into double play, 4-6-3 (Groundball, 4D)
Bottom of the 5th over - 0 runs, 0 hits, 0 errors, 0 left on base; Crowley 0 - Quebec 2
TOP OF THE 6TH
Crowley Cajuns batting - Pitching for Quebec Rookies : RHP Pancho Medellín
Batting: LHB Hai-liang Yi 0-0: Called Strike
0-1: Called Strike
0-2: Ball
1-2: Ball
2-2: Ground out U3 (Groundball, 3)
Batting: RHB Stephen Warren 0-0: Ball
1-0: Foul Ball, location: 2F
1-1: SINGLE (Line Drive, 9LM)
Batting: RHB Albert Seals 0-0: Ball
1-0: Swinging Strike
1-1: Ball
2-1: Ball
3-1: Base on Balls
Stephen Warren to second
Batting: RHB Pancho Espinoza 0-0: Called Strike
0-1: Foul Ball, location: 2F
0-2: Ball
1-2: Hit by Pitch
Stephen Warren to third
Albert Seals to second
Batting: RHB Dane Bernstine 0-0: SINGLE (Groundball, 34D)
Stephen Warren scores
Albert Seals to third
Pancho Espinoza to second
Runner from 3rd tries for Home, SAFE, no throw
Batting: LHB José Soriano 0-0: Ball
1-0: Called Strike
1-1: Fly out, F8 (Flyball, 8LD)
Batting: RHB Luis Medina 0-0: Called Strike
0-1: SINGLE (Line Drive, 56)
Pancho Espinoza to third
Dane Bernstine to second
Batting: RHB Porter Ware 0-0: Ball
1-0: Ball
2-0: Called Strike
2-1: Fly out, F9 (Flyball, 89D)
Top of the 6th over - 2 runs, 3 hits, 0 errors, 3 left on base; Crowley 2 - Quebec 2
BOTTOM OF THE 6TH
Quebec Rookies batting - Pitching for Crowley Cajuns : RHP David Silva
Batting: RHB Sal Elliott 0-0: Ball
1-0: Ground out 6-3 (Groundball, 6)
Batting: RHB Alejandro Córdova 0-0: Ball
1-0: Swinging Strike
1-1: Ball
2-1: Foul Ball, location: 2F
2-2: Ball
3-2: Foul Ball, location: 2F
3-2: Base on Balls
Pitching: LHP Jesús Zúñiga
Batting: RHB Justin Hunt 0-0: Called Strike
0-1: Fly out, F8 (Flyball, 78D)
Batting: RHB Christian Patriarche 0-0: Ball
1-0: Called Strike
1-1: Swinging Strike
1-2: Strikes out swinging
Bottom of the 6th over - 0 runs, 0 hits, 0 errors, 1 left on base; Crowley 2 - Quebec 2
TOP OF THE 7TH
Crowley Cajuns batting - Pitching for Quebec Rookies : RHP Pancho Medellín
Pinch Hitting: RHB Timo Zwiefelhofer 0-0: Ball
1-0: Ball
2-0: Swinging Strike
2-1: Ball
3-1: Base on Balls
Batting: LHB Hai-liang Yi 0-0: Called Strike
0-1: Bunted foul
0-2: Strikes out swinging
Batting: RHB Stephen Warren 0-0: Ball
1-0: Ball
2-0: Called Strike
2-1: Swinging Strike
2-2: DOUBLE (Line Drive, 7LM)
Timo Zwiefelhofer to third
Runner from 3rd tries for Home, SAFE, no throw
Batting: RHB Albert Seals 0-0: Ball
1-0: Ball
2-0: SINGLE (Flyball, 89M)
Stephen Warren to third
Runner from 3rd tries for Home, SAFE, no throw
Batting: RHB Pancho Espinoza 0-0: Ball
1-0: Foul Ball, location: 2F
1-1: Ball
Throwing error on steal attempt, E2
Albert Seals to third
2-1: Ball
3-1: Called Strike
3-2: Foul Ball, location: 2F
3-2: Strikes out swinging
Pitching: LHP Fernando Perocier
Batting: RHB Dane Bernstine 0-0: Called Strike
0-1: Ball
1-1: Swinging Strike
1-2: Foul Ball, location: 2F
1-2: SINGLE (Line Drive, 6M)
Albert Seals scores
Batting: LHB José Soriano 0-0: Called Strike
0-1: Ball
1-1: Foul Ball, location: 2F
1-2: Foul Ball, location: 2F
1-2: Foul Ball, location: 2F
1-2: Ball
2-2: Ball
3-2: Fly out, F7 (Flyball, 7)
Top of the 7th over - 3 runs, 3 hits, 1 error, 1 left on base; Crowley 5 - Quebec 2
BOTTOM OF THE 7TH
Quebec Rookies batting - Pitching for Crowley Cajuns : LHP Jesús Zúñiga
Now at 3B: Timo Zwiefelhofer
Batting: RHB Punisa Tukovic 0-0: Foul Ball, location: 2F
0-1: Swinging Strike
0-2: Strikes out swinging
Batting: LHB Scott Miles 0-0: Ball
1-0: Ball
2-0: Called Strike
2-1: Called Strike
2-2: Ball
3-2: Fly out, F6 (Popup, 6M)
Batting: LHB Keith Pick 0-0: Ball
1-0: Called Strike
1-1: Swinging Strike
1-2: Strikes out swinging
Bottom of the 7th over - 0 runs, 0 hits, 0 errors, 0 left on base; Crowley 5 - Quebec 2
TOP OF THE 8TH
Crowley Cajuns batting - Pitching for Quebec Rookies : LHP Fernando Perocier
Batting: RHB Luis Medina 0-0: Foul Ball, location: 2F
0-1: Fly out, F8 (Flyball, 8LD)
Batting: RHB Porter Ware 0-0: Ball
1-0: Ball
2-0: Foul Ball, location: 2F
2-1: Ground out 5-3 (Groundball, 56)
Batting: RHB Timo Zwiefelhofer 0-0: Swinging Strike
0-1: Ground out 5-3 (Groundball, 5)
Top of the 8th over - 0 runs, 0 hits, 0 errors, 0 left on base; Crowley 5 - Quebec 2
BOTTOM OF THE 8TH
Quebec Rookies batting - Pitching for Crowley Cajuns : LHP Jesús Zúñiga
Now in LF: Steve Smith
Batting: LHB Palaie Gaoteote 0-0: Swinging Strike
0-1: Swinging Strike
0-2: Strikes out swinging
Batting: RHB Jon Deal 0-0: Ball
1-0: Called Strike
1-1: Ball
2-1: Ground out 4-3 (Groundball, 4)
Batting: RHB Sal Elliott 0-0: SINGLE (Line Drive, 78S)
Batting: RHB Alejandro Córdova 0-0: Foul Ball, location: 2F
0-1: Fly out, F7 (Flyball, 78D)
Bottom of the 8th over - 0 runs, 1 hit, 0 errors, 1 left on base; Crowley 5 - Quebec 2
TOP OF THE 9TH
Crowley Cajuns batting - Pitching for Quebec Rookies : LHP Fernando Perocier
Batting: LHB Hai-liang Yi 0-0: Ground out 5-3 (Groundball, 56)
Batting: RHB Stephen Warren 0-0: Called Strike
0-1: Foul Ball, location: 2F
0-2: Ball
1-2: SOLO HOME RUN (Flyball, 7LD), Distance : 348 ft
Batting: RHB Albert Seals 0-0: Ball
1-0: Called Strike
1-1: Ball
2-1: Ball
3-1: Ground out 4-3 (Groundball, 4)
Batting: RHB Pancho Espinoza 0-0: Called Strike
0-1: Ball
1-1: Swinging Strike
1-2: Ball
2-2: Foul Ball, location: 2F
2-2: Foul Ball, location: 2F
2-2: Strikes out swinging
Top of the 9th over - 1 run, 1 hit, 0 errors, 0 left on base; Crowley 6 - Quebec 2
BOTTOM OF THE 9TH
Quebec Rookies batting - Pitching for Crowley Cajuns : LHP Jesús Zúñiga
Batting: RHB Justin Hunt 0-0: SINGLE (Groundball, 34D)
Batting: RHB Christian Patriarche 0-0: Swinging Strike
0-1: Foul Ball, location: 2F
0-2: SINGLE (Groundball, 56D)
Justin Hunt to second
Pitching: RHP Júlio Antunez
Batting: RHB Punisa Tukovic 0-0: Ball
1-0: Called Strike
1-1: Ball
2-1: Called Strike
2-2: Strikes out swinging
Batting: LHB Scott Miles 0-0: Foul Ball, location: 2F
0-1: Ball
1-1: Foul Ball, location: 2F
1-2: Fielders Choice at 2nd, 4-6 (Groundball, 4)
Justin Hunt to third
Batting: LHB Keith Pick 0-0: Ball
1-0: Foul Ball, location: 2F
1-1: Ball
2-1: 3-RUN HOME RUN (Flyball, 7D), Distance : 382 ft
Batting: LHB Palaie Gaoteote 0-0: Swinging Strike
0-1: Ball
1-1: Foul Ball, location: 2F
1-2: Foul Ball, location: 2F
1-2: Ground out 4-3 (Groundball, 4)
Bottom of the 9th over - 3 runs, 3 hits, 0 errors, 0 left on base; Crowley 6 - Quebec 5
Saturday, December 22nd, 2018 - OOTP Baseball 18.8 Build 76